Cogmind - Beta 14 @@@ ROGUE MODE // 2024.11.24 @ 07:49:01 Player: Fangrelle Result: Destroyed by H-55 Commando with Gauss Rifle Performance ------------- Evolutions (0) 0 Regions Visited (3) 600 Robots Destroyed (33) 165 Value Destroyed (743) 743 Prototype IDs (23) 460 Alien Tech Used (0) 0 Bonus (457) 457 TOTAL SCORE: 2425 Bonus ------- Follower Combat Kills 157 Aligned with FarCom 300 Cogmind --------- Core Integrity 0/250 Matter 300/300 Energy 100/100 System Corruption 2% Temperature Cool (6) Movement Core (3500) Ox69 Location -10/Exiles Parts ------- > --- POWER (1) -------- (None) > --- PROPULSION (2) --- (None) > --- UTILITY (2) ------ Humpback > --- WEAPON (2) ------- AWS/Thermal > --- INVENTORY (35) --- Ion Engine Nuclear Core Fission Core Flying Fortress v7 High-capacity Storage Unit Humpback Humpback Humpback High-capacity Matter Pod (127) Improved Terrain Scanner Seismic Detector Light Armor Plating Light Armor Plating EM Pulse Gun EM Pulse Gun Assault Rifle Assault Rifle Assault Rifle Heavy Assault Rifle Light Cannon Mini Grenade Launcher Mini Grenade Launcher Mini Grenade Launcher Mini Grenade Launcher Datajack Remote Datajack Mining Laser Longsword +1 Peak State ------------ > --- POWER ------------ Improved Ion Engine > --- PROPULSION ------- Light Treads Compact Wheel > --- UTILITY ---------- Humpback > --- WEAPON ----------- AWS/Thermal > --- INVENTORY -------- Ion Engine Nuclear Core Fission Core Flying Fortress v7 High-capacity Storage Unit Humpback Humpback Humpback High-capacity Matter Pod Improved Terrain Scanner Seismic Detector Light Armor Plating Light Armor Plating EM Pulse Gun EM Pulse Gun Assault Rifle Assault Rifle Assault Rifle Heavy Assault Rifle Light Cannon Mini Grenade Launcher Mini Grenade Launcher Mini Grenade Launcher Mini Grenade Launcher Datajack Mining Laser Longsword +1 [Rating: 30] Favorites ----------- Power Improved Ion Engine Engine Improved Ion Engine Propulsion Light Treads Treads Light Treads Leg Aluminum Leg Wheel Compact Wheel Utility Light Armor Plating Device Improved Terrain Scanner Storage High-capacity Storage Unit Protection Light Armor Plating Weapon Assault Rifle Energy Gun EM Pulse Gun Ballistic Gun Assault Rifle Ballistic Cannon Light Cannon Build | -11 -10 -10 -10 ------- Run | Yrd Mat Min Exi Slots Evolved . | . . . . Power . | . . . . Propulsion . | . . . . Utility . | . . . . Weapon . | . . . . Parts Attached 16 | 3 5 5 3 Power 1 | . . 1 . Engine 1 | . . 1 . Core . | . . . . Reactor . | . . . . Propulsion 6 | 2 . 3 1 Treads 4 | 2 . 1 1 Leg . | . . . . Wheel 2 | . . 2 . Hover . | . . . . Flight . | . . . . Utility 5 | 1 2 1 1 Device 1 | 1 . . . Storage 2 | . 1 . 1 Processor . | . . . . Hackware . | . . . . Protection 2 | . 1 1 . Artifact . | . . . . Weapon 4 | . 3 . 1 Energy Gun 1 | . . . 1 Energy Cannon . | . . . . Ballistic Gun 2 | . 2 . . Ballistic Cannon 1 | . 1 . . Launcher . | . . . . Special Weapon . | . . . . Impact Weapon . | . . . . Slashing Weapon . | . . . . Piercing Weapon . | . . . . Special Melee Weapon . | . . . . Unidentified Prototypes . | . . . . Parts Lost 6 | . . 3 3 Power 1 | . . . 1 Propulsion 4 | . . 2 2 Utility 1 | . . 1 . Weapon . | . . . . Highest Loss Streak 3 | . . 1 3 To Critical Strikes . | . . . . Average Slot Usage (%) 87 | . 99 83 86 Engine 14 | . 14 14 14 Treads 14 | . 28 9 13 Wheel 4 | . . 2 14 Storage 13 | . 14 14 13 Protection 10 | . 10 14 1 Ballistic Gun 13 | . 14 14 13 Ballistic Cannon 13 | . 10 14 13 Peak Build Rating 30 | 9 9 10 30 Average Rating 9 | 7 8 8 12 On Entrance 8 | 6 9 9 10 Naked Turns . | . . . . Heaviest Build 215 | 15 53 55 215 Greatest Support 40 | 40 40 40 26 Greatest Overweight (x) 71 | . 1 18 71 Average Overweight (x) 5 | . . 5 10 Largest Inventory Capacity 35 | 8 20 20 35 Average Capacity 22 | 8 16 20 32 Most Carried 35 | 6 19 20 35 Average Carried 19 | 3 13 19 24 Final Capacity 35 | 8 20 20 35 Final Carried 34 | 4 19 19 34 Class Distribution -------------------- 51% | Mutant 27% | Commander-Mutant 21% | Hauler-Mutant Dominant Class ---------------- Mutant | -10/Materials Mutant | -10/Mines Hauler-Mutant | -10/Exiles Resources | -11 -10 -10 -10 ----------- Run | Yrd Mat Min Exi Matter Collected 955 | 242 272 363 78 Remotely . | . . . . Salvage Created 914 | 104 338 211 261 Parts 67 | 5 32 20 10 Haulers Intercepted 1 | . 1 . . Recyclers Shooed 1 | 1 . . . Parts Field Recycled . | . . . . Retrieved Matter . | . . . . Parts Self-Destructed . | . . . . Prevented . | . . . . Kills | -11 -10 -10 -10 ------- Run | Yrd Mat Min Exi Combat Hostiles Destroyed 25 | . 9 10 6 Guns 19 | . 5 8 6 Cannons 6 | . 4 2 . Classes Destroyed 12 | 2 6 1 3 Worker 3 | . 1 2 . Tunneler 1 | 1 . . . Hauler 1 | . 1 . . Recycler 1 | 1 . . . Operator 1 | . 1 . . Watcher 1 | . 1 . . Swarmer 11 | . 5 6 . Grunt 9 | . 4 2 3 Brawler 1 | . . . 1 Sentry 2 | . . 2 . Hunter 1 | . . . 1 Programmer 1 | . . . 1 Best Kill Streak 6 | 2 4 3 6 Combat Bots Only 6 | . 2 3 6 Max Kills in Single Turn 2 | 1 1 2 1 Gunslinging . | . . . . Exploded . | . . . . Melee . | . . . . Uniques/NPCs Destroyed . | . . . . Combat | -11 -10 -10 -10 -------- Run | Yrd Mat Min Exi Hostile Shots Fired 179 | . 24 74 81 Missed 65 | . 10 24 31 Damage Taken 1567 | 6 145 659 757 Core 262 | . 8 65 189 Absorbed by Shields . | . . . . Core Remaining (%) 100 | 100 . . . Volleys Fired 70 | 4 26 40 . Largest 2 | 2 2 2 . Hottest 60 | 60 60 55 . Shots Fired 167 | 8 52 80 27 Gun 115 | 8 40 40 27 Cannon 52 | . 12 40 . Launcher . | . . . . Special . | . . . . Kinetic 122 | 4 38 80 . Thermal 27 | . . . 27 Explosive . | . . . . Electromagnetic 18 | 4 14 . . Robot Hit Streak 9 | 5 9 6 9 Robot Miss Streak 3 | . 3 3 1 Penetration Max . | . . . . Secondary Targets 1 | . 1 . . Max Gunslinging Chain 1 | . 1 . . Autonomous 27 | . . . 27 Shots Hit Robots 104 | 5 31 45 23 Core Hits 42 | 3 17 16 6 Critical Kills . | . . . . Critical Parts Destroyed . | . . . . Critical Strikes 1 | . 1 . . Blast 1 | . 1 . . Melee Attacks . | . . . . Impact . | . . . . Slashing . | . . . . Piercing . | . . . . Sneak Attacks . | . . . . Combat Hostiles . | . . . . Follow-up Attacks . | . . . . Damage Inflicted 2010 | 100 484 727 699 Guns 1435 | 75 330 331 699 Cannons 541 | . 145 396 . Explosions 25 | 25 . . . Melee . | . . . . Ramming 9 | . 9 . . Kinetic 1098 | 36 335 727 . Thermal 724 | 25 . . 699 Explosive . | . . . . Electromagnetic 179 | 39 140 . . Impact . | . . . . Slashing . | . . . . Piercing . | . . . . Highest Corruption 1 | . . . 1 Average Corruption 1 | . . . 1 Corruption Purged . | . . . . Corruption Blocked . | . . . . Overload Shots . | . . . . Overflow Damage 25 | . 9 16 . Projectiles 25 | . 9 16 . Explosions . | . . . . Melee . | . . . . Knockbacks 5 | . 1 4 . Impact . | . . . . Kinetic 5 | . 1 4 . Secondary . | . . . . Self-Inflicted Damage 7 | 7 . . . Shots 1 | 1 . . . Rammed 1 | . 1 . . Targets Rammed 1 | . 1 . . Kicked . | . . . . Crushed . | . . . . Highest Temperature 255 | 12 36 255 . Average Temperature 55 | 12 12 74 . Received Heat Transfer 369 | . 78 261 30 Effects 1 | . . 1 . Energy Bleed 1 | . . 1 . Siege Activations . | . . . . Robots Corrupted . | . . . . Combat Hostiles . | . . . . Parts Fried . | . . . . Impact Corruptions . | . . . . Robots Melted . | . . . . Combat Hostiles . | . . . . Parts Melted 3 | . . . 3 Heat Transferred 901 | 50 . . 851 Parts Sabotaged . | . . . . Parts Stolen . | . . . . Parts Stripped . | . . . . Power Chain Reactions 1 | 1 . . . Alert | -11 -10 -10 -10 ------- Run | Yrd Mat Min Exi Peak Influence 158 | 10 158 147 . Initial 17 | . 6 17 . Average 32 | 8 70 17 . Maximum Alert Level . | . . . . Low Security (%) 100 | 100 100 100 . Level 1 . | . . . . Level 2 . | . . . . Level 3 . | . . . . Level 4 . | . . . . Level 5 . | . . . . High Security . | . . . . Max Security . | . . . . Squads Dispatched 1 | . 1 . . Investigation . | . . . . Extermination . | . . . . Reinforcement 1 | . 1 . . Assault . | . . . . Garrison . | . . . . Intercept . | . . . . Searches Triggered . | . . . . Construction Impeded . | . . . . Haulers Reinforced . | . . . . Active Scanning Responses . | . . . . Cargo Convoy Interrupts . | . . . . Stealth | -11 -10 -10 -10 --------- Run | Yrd Mat Min Exi Distress Signals 1 | . 1 . . Communications Jammed . | . . . . Distress Signals . | . . . . Times Spotted 46 | . 14 10 22 Peak Tracking Total 11 | . 3 3 11 Tactical Retreats . | . . . . Traps | -11 -10 -10 -10 ------- Run | Yrd Mat Min Exi Traps Triggered . | . . . . Indirectly . | . . . . Trap Hack Attempts . | . . . . Triggered . | . . . . Disarmed . | . . . . Reprogrammed . | . . . . Reused . | . . . . Traps Extracted . | . . . . Installed . | . . . . Triggered . | . . . . Machines | -11 -10 -10 -10 ---------- Run | Yrd Mat Min Exi Machines Disabled 3 | . 1 . 2 Max in Single Turn 1 | . 1 . . Machines Repaired . | . . . . Machines Dismantled . | . . . . Machines Sabotaged . | . . . . Overloaded Fab Kills . | . . . . Hacking | -11 -10 -10 -10 --------- Run | Yrd Mat Min Exi Machines Accessed 6 | . 4 . 2 Terminals 4 | . 4 . . Fabricators . | . . . . Repair Stations . | . . . . Recycling Units . | . . . . Scanalyzers . | . . . . Garrison Access . | . . . . Total Hacks 17 | . 12 . 5 Successful 11 | . 6 . 5 Failed 6 | . 6 . . Catastrophic . | . . . . Database Lockouts . | . . . . Manual 13 | . 12 . 1 Terminals 12 | . 12 . . Fabricators . | . . . . Repair Stations . | . . . . Recycling Units . | . . . . Scanalyzers . | . . . . Garrison Access . | . . . . Terminal Hacks 6 | . 1 . 5 Record 4 | . . . 4 Robot Analysis 1 | . 1 . . Derelict Proto ID Bank 1 | . . . 1 Fabricator Hacks . | . . . . Repair Station Hacks . | . . . . Recycling Unit Hacks . | . . . . Scanalyzer . | . . . . Garrison Access Hacks . | . . . . Unauthorized Hacks 5 | . 5 . . Terminals 5 | . 5 . . Assimilate 2 | . 2 . . Botnet 3 | . 3 . . Fabricators . | . . . . Repair Stations . | . . . . Recycling Units . | . . . . Scanalyzers . | . . . . Garrison Access . | . . . . Data Cores Recovered . | . . . . Used . | . . . . Hacking Detections 4 | . 4 . . Full Trace Events . | . . . . Feedback Events . | . . . . Feedback Blocked . | . . . . Robot Schematics Acquired . | . . . . Robots Built . | . . . . Authchips . | . . . . Time . | . . . . Total Robot Build Rating . | . . . . Part Schematics Acquired . | . . . . Parts Built . | . . . . Authchips . | . . . . Time . | . . . . Total Part Build Rating . | . . . . Parts Repaired . | . . . . Time . | . . . . Parts Recycled . | . . . . Recycled Matter . | . . . . Retrieved Matter . | . . . . Retrieved Components . | . . . . Parts Scanalyzed . | . . . . Part Schematics Acquired . | . . . . Parts Damaged . | . . . . Bothacking | -11 -10 -10 -10 ------------ Run | Yrd Mat Min Exi Used RIF Installer . | . . . . Robots Hacked . | . . . . Non-combat . | . . . . Combat . | . . . . Robot Hacks Applied . | . . . . Relay Couplers Released . | . . . . Fabnet Peak Effective % . | . . . . Robots Rewired . | . . . . Allies Hacked 2 | . . . 2 Hacks Repelled . | . . . . Allies | -11 -10 -10 -10 -------- Run | Yrd Mat Min Exi Total Allies 4 | . 1 3 . Largest Group 4 | . 1 4 4 Highest-Rated Group 50 | . 10 50 50 Highest-Rated Ally 16 | . 10 16 16 Total Orders 6 | . 2 2 2 STAY 3 | . 1 1 1 FOLLOW 3 | . 1 1 1 Ally Attacks 35 | . . . 35 Total Damage 375 | . . . 375 Kills 5 | . . . 5 Allies Corrupted 1 | . . . 1 Allies Melted . | . . . . Intel | -11 -10 -10 -10 ------- Run | Yrd Mat Min Exi Robot Analysis Total 1 | . 1 . . Derelict Logs Recovered 3 | . . 3 . Drone Launches . | . . . . Drone Recoveries . | . . . . Exploration | -11 -10 -10 -10 ------------- Run | Yrd Mat Min Exi Turns Passed 5062 | 59 1100 2636 1267 Spaces Moved 1673 | 26 467 691 489 Core 137 | . . 136 1 Treads 844 | 26 467 351 . Legs . | . . . . Wheels 692 | . . 204 488 Hover . | . . . . Flight . | . . . . Fastest Speed 100 | 160 160 120 100 Average Speed 285 | 160 212 359 257 Slowest Speed 3600 | 160 240 950 3600 Overloaded Moves . | . . . . Propulsion Burnouts . | . . . . Robots Hopped . | . . . . Cave-ins Triggered . | . . . . Exploration Rate (%) 54 | 3 52 95 68 Regions Visited 3 Branch Regions 2 Pre-discovered Areas 2 | . . 1 1 Known Exits Taken . | . . . . Unknown Exits Taken 3 | 1 1 1 . Scrap Searched 1 | . . 1 . Spaces Dug . | . . . . Terrain Destroyed . | . . . . Melee . | . . . . Projectile . | . . . . AOE . | . . . . Terrain Rammed . | . . . . Walls Destroyed . | . . . . Machines Disabled . | . . . . Actions | -11 -10 -10 -10 --------- Run | Yrd Mat Min Exi Total 1858 | 37 522 766 533 Wait 22 | . . 22 . Move 1670 | 25 466 690 489 Hop . | . . . . Pick Up 50 | 2 17 4 27 Fast Attach 6 | . 2 2 2 Attach 5 | 3 . 1 1 Detach 2 | . 1 . 1 Swap 5 | . 3 2 . Drop 27 | 3 6 5 13 Fire 70 | 4 26 40 . Melee . | . . . . Ram . | . . . . Kick . | . . . . Crush 1 | . 1 . . Escape Stasis . | . . . . Rewire . | . . . . Trap . | . . . . Miscellaneous . | . . . . Route ------- -11/Scrapyard -10/Materials (discovered 4 exits: [*Mat x2] / [*Min x2]) -10/Mines (discovered 3 exits: [*Mat x2] / *Exi) -10/Exiles History --------- Turn | Location | Event 17 | -11/Scrapyard | Discovered new exit (range 3) 60 | -11/Scrapyard | Entered Materials 67 | -10/Materials | Discovered new exit (range 15) 350 | -10/Materials | Build established: Mutant 681 | -10/Materials | Discovered new exit (range 7) 761 | -10/Materials | Discovered new exit (range 8) 862 | -10/Materials | Discovered new exit (range 4) 1160 | -10/Materials | Entered Mines 1160 | -10/Mines | Accompanied by 1 ally 1251 | -10/Mines | Learned Materials stockpile data 1275 | -10/Mines | Discovered new exit (range 11) 1659 | -10/Mines | Learned location of 1 exit from Materials 1827 | -10/Mines | Discovered new exit (range 16) 2622 | -10/Mines | Assisted by bots powering up and referring to "LRC-V3" 2755 | -10/Mines | Learned location of Storage (-9) 2915 | -10/Mines | Build established: Commander-Mutant 3049 | -10/Mines | Deemed a non-threat by the Exiles lab entrance 3049 | -10/Mines | Discovered new exit (range 5) 3796 | -10/Mines | Entered Exiles 3796 | -10/Exiles | Accompanied by 4 allies 3835 | -10/Exiles | Met 8R-AWN 3860 | -10/Exiles | Met EX-HEX 4232 | -10/Exiles | Met EX-DEC 4292 | -10/Exiles | Build established: Hauler-Mutant 4456 | -10/Exiles | Learned location of Zion (-6) 4509 | -10/Exiles | Met EX-BIN 4551 | -10/Exiles | Aligned with FarCom system 4553 | -10/Exiles | Given EX-Vault access code 4621 | -10/Exiles | Opened EX-Vault 4651 | -10/Exiles | Found Flying Fortress v7 4729 | -10/Exiles | Warned to stay clear of 0b10 Research branches 4741 | -10/Exiles | Exiles lab attacked by MAIN.C 4947 | -10/Exiles | Found Longsword +1 4951 | -10/Exiles | Found AWS/Thermal 5048 | -10/Exiles | Core integrity fell below 50% 5063 | -10/Exiles | Core integrity fell below 20% 5063 | -10/Exiles | Destroyed by H-55 Commando with Gauss Rifle Last Messages --------------- 05050_ Penetrated by Slug. 05052_ Slug penetrates Wall. 05052_ B-36 Bruiser destroyed. 05053_ Penetrated by Slug. 05055_ Acquired Remote Datajack. 05055_ Penetrated by Slug. 05055_ Lgt. Treads destroyed. 05055_ G-34 Mercenary destroyed. 05056_ Penetrated by Slug. 05056_ Com. Wheel destroyed. 05056_ Penetrated by Slug. 05056_ G-34 Mercenary destroyed. 05057_ Penetrated by Slug. 05058_ G-34 Mercenary destroyed. 05059_ Slug penetrates Wall. 05059_ Penetrated by Slug. 05061_ Destroyed Lgt. Nuclear Core. 05062_ Penetrated by Slug. 05062_ Imp. Ion Engine destroyed. 05062_ Penetrated by Slug. Map ----- +----------------------------------------------------+ | ????????????????????????# ## """#??????????? | | ?????????????????#####??# #??"""""???????????? | | ?????????????????""""""?# #???####???????????? | | ????????????????#"""" ## #??????????????????? | | ????????????????#""X" #??????????????????? | | ????????????????#" #??????????????????? | | ????????????????#" ## #??????????????????? | | ????????????????#""""""?# #?#########????????? | | ????????????????##"###??# #?#"""""""#????????? | | ????????????????? ??????# #?#"""""""#????????? | | ????????????????????????# #?#"""""""#????????? | | ???????????????????????## ###"" """"#????????? | | ???????????????????????#" """"#????????? | | ???????????????????????#" """#????????? | | ???????????????????????#" """#????????? | | ???????????????????????#" """#????????? | | ??????????##???????????#"[ """#????????? | | ?????????? """????????#" """#????????? | | ??????????" """#???????## """"????????? | | ?????????"" ?????????# """#????????? | | ?????????"" ?????????# * "X" """?????????? | | ?????????"" "?????????# % """ #????????? | | ????????? ""?????????# """""""""#????????? | | ??????????" "?????????## % ;##########????????? | | ??????????# #????????## ;#?????????????????? | | #####???### ###?###### @ ;#?????????????????? | | """#####X# #"### """ %= %##?????????????????? | | """"" " = ##????##?#####????? | | "" "" [%= % #####"""""""""##?? | | " %%[*[ " """ """"##? | | !%=%=% "" " #? | | p h [ " """#? | | # b % h =%!%h " "#? | | ## %[ % %% [ " "## | | ?##" [=g == h ""# | | ??#""" =%g%g " "" % =% "" | | ?##" [*[% ######""" h! | | ?#"" ""##?????#### "[! | | ?#""" """##??????????#""" | | #""" """##???????????#"""" | | #""" ""#???????????##"" | | #"" ########??####"""" | | #""" ## ####""" | | #"" """" | | ##"" | | ?#"""" | | ??# " | | ??#" " "" """ | | ??#"""" ""## ##""" " " ""#" | | ??#"" ""#### ######""" """##""""""" | +----------------------------------------------------+ Best States ------------- Heat Dissipation 25 Energy Generation 12 Energy Capacity 265 Matter Stores 300 Matter Capacity 300 Sight Range 16 Terrain Scan Range 16 Terrain Scan Density 10 Armor Coverage 150 Evasion (%) 40 Recoil Reduction 2 Item Schematics ----------------- None Robot Schematics ------------------ None Fabricated ------------ Nothing Alien Tech Used ----------------- None Achievements -------------- None Challenges ------------ None Game ------ Seed LegOmegaExtrapolator Manual? 0 Play Time 00:15:26 Cumulative 131.2 hours Start 2024.11.24 @ 07:18:03 End 2024.11.24 @ 07:49:01 Sessions 1 Manual Loads 0 Difficulty Rogue Special Mode None Game No. 245 Rogue 245 Adventurer 0 Explorer 0 Win Type - Total 0 Types 0/0/0/0/0/0/0/0/0 Lore% 43 Gallery% 40 Achievement% 36 Wizard Run 0 Options --------- Layout 0 ASCII 0 Keyboard 0 Movement Mouse Keybinds 0 Fullscreen 1 Font 24/Smallcaps Map View 91x25 Zoom Use 98% Tactical HUD 1 Map Filters NONE Filters NONE Steam 1 RUN: 355e83af-149a-4389-b319-04beb8c63ec5